 Dungeon Crawl Stone Soup version 0.24.0-13-gcf9b3192b9 (webtiles) character file.

Game seed: 3059128316309477814, levelgen mode: deterministic

54843 Monsterracer the Severer (level 14, 0/133 HPs)
             Began as a Deep Dwarf Fighter on Nov 9, 2019.
             Was the Champion of Makhleb.
             Slain by an 18-headed hydra (6 damage)
             ... on level 1 of the Lair of Beasts.
             The game lasted 00:09:26 (13881 turns).

Monsterracer the Severer (Deep Dwarf Fighter)      Turns: 13881, Time: 00:09:27

Health: 0/133      AC: 17    Str: 23    XL:     14   Next: 36%
Magic:  8/8        EV:  5    Int: 15    God:    Makhleb [******]
Gold:   1227       SH: 10    Dex: 14    Spells: 13/13 levels left

rFire    . . .     SeeInvis .   b - +10 flail of the Nexus {venom, rC+}
rCold    + + .     Gourm    +   I - +0 shield
rNeg     + . .     Faith    .   f - +1 chain mail "Jerphuik" {rCorr Int+4 Dex+2}
rPois    +         Spirit   .   B - +0 helmet
rElec    .         Reflect  .   w - +0 cloak
rCorr    +         Harm     .   H - +2 pair of gloves
MR       ++...                  s - +1 pair of boots
Stlth    ..........             N - amulet of the gourmand
HPRegen  0.00/turn              P - ring of poison resistance
MPRegen  0.11/turn              C - ring of protection from cold

@: non-regenerating, extremely drained
A: damage resistance, heal wounds, negative energy resistance 1, sense
surroundings 2, no regeneration
a: Heal Wounds, Minor Destruction, Lesser Servant of Makhleb, Major Destruction,
Greater Servant of Makhleb, Renounce Religion


You were on level 1 of the Lair of Beasts.
You worshipped Makhleb.
Makhleb was exalted by your worship.
You were not hungry.

You visited 3 branches of the dungeon, and saw 19 of its levels.

You collected 1227 gold pieces.

Inventory:

Hand Weapons
 a - a +2 war axe of freezing
   (You took it off a wight on level 7 of the Dungeon)
 b - the +10 flail of the Nexus (weapon) {venom, rC+}
   (You found it on level 7 of the Dungeon)

   It poisons the flesh of those it strikes.
   It protects you from cold.
 x - a +0 battleaxe
   (You took it off a wight on level 7 of the Dungeon)
Missiles
 q - a throwing net (quivered) {!f}
Armour
 f - the +1 chain mail "Jerphuik" (worn) {rCorr Int+4 Dex+2}
   (You found it on level 6 of the Lair of Beasts)

   It affects your intelligence (+4).
   It affects your dexterity (+2).
   It provides partial protection from all sources of acid and corrosion.
 s - a +1 pair of boots (worn)
   (You found it on level 5 of the Dungeon)
 w - a +0 cloak (worn)
   (You found it on level 4 of the Dungeon)
 B - a +0 helmet (worn)
   (You found it on level 9 of the Dungeon)
 H - a +2 pair of gloves (worn)
   (You found it on level 3 of the Lair of Beasts)
 I - a +0 shield (worn)
Jewellery
 n - the ring "Bexkicut" {Fire rElec MP+9 Str-4 Int+4}
   (You found it on level 5 of the Dungeon)

   [ring of fire]

   It enhances your fire magic.
   It affects your strength (-4).
   It affects your intelligence (+4).
   It protects you from fire.
   It makes you vulnerable to cold.
   It insulates you from electricity.
   It affects your magic capacity (+9).
 C - a ring of protection from cold (right hand)
   (You took it off a hobgoblin on level 2 of the Dungeon)
 F - an uncursed ring of protection from fire
   (You found it on level 12 of the Dungeon)
 L - an uncursed ring of resist corrosion
   (You found it on level 6 of the Lair of Beasts)
 N - an amulet of the gourmand (around neck)
   (You found it on level 6 of the Lair of Beasts)
 P - a ring of poison resistance (left hand)
   (You found it on level 3 of the Dungeon)
Wands
 o - a wand of digging (7)
   (You found it on level 2 of the Lair of Beasts)
 D - a wand of acid (9)
   (You found it on level 2 of the Lair of Beasts)
 K - a wand of scattershot (4)
   (You found it on level 6 of the Lair of Beasts)
Scrolls
 g - 2 scrolls of fog {!r}
 m - a scroll of magic mapping
 p - 2 scrolls of enchant weapon
 r - 7 scrolls of remove curse
 t - 7 scrolls of teleportation {!r}
 v - 2 scrolls of fear {!r}
 z - a scroll of silence
 X - 2 scrolls of blinking
Potions
 d - 4 potions of heal wounds
 e - 8 potions of curing
 h - 2 potions of haste
 i - 4 potions of flight
 j - 2 potions of might
 k - a potion of resistance
 u - a potion of cancellation
 y - 2 potions of berserk rage {!q}
 G - a potion of lignification
 J - a potion of magic {unknown}
Miscellaneous
 l - a sack of spiders
 A - a fan of gales
   (You took it off a crimson imp on level 9 of the Dungeon)
 E - a phantom mirror
Comestibles
 c - 32 rations


   Skills:
 + Level 10.3(1.9) Fighting
 * Level 15.9(6.3) Axes
 + Level 12.0(3.2) Armour
 + Level 12.0(3.3) Shields
 + Level 11.6(2.9) Invocations


You had 13 spell levels left.
You didn't know any spells.
Your spell library contained the following spells:

 Spells                   Type           Power        Failure   Level  Hunger
 Animate Skeleton         Necr           N/A          100%        1    ##.....
 Apportation              Tloc           #.....       100%        1    ##.....
 Confusing Touch          Hex            #.....       100%        1    ##.....
 Magic Dart               Conj           #...         100%        1    ##.....
 Pain                     Necr           #...         100%        1    ##.....
 Sandblast                Erth           #.....       100%        1    ##.....
 Summon Small Mammal      Summ           #...         100%        1    ##.....
 Call Imp                 Summ           #.......     100%        2    ###....
 Passwall                 Tmut/Erth      #.......     100%        2    ###....
 Searing Ray              Conj           #.....       100%        2    ###....
 Call Canine Familiar     Summ           #.......     100%        3    ####...
 Dazzling Spray           Conj/Hex       #.....       100%        3    ####...
 Stone Arrow              Conj/Erth      #.....       100%        3    ####...
 Summon Guardian Golem    Hex/Summ       #.......     100%        3    ####...
 Vampiric Draining        Necr           #.........   100%        3    ####...
 Animate Dead             Necr           N/A          100%        4    #####..
 Force Lance              Conj/Tloc      #.......     100%        4    #####..
 Fulminant Prism          Conj/Hex       #.........   100%        4    #####..
 Iskenderun's Mystic Bla  Conj           #.......     100%        4    #####..
 Petrify                  Tmut/Erth      #.......     100%        4    #####..
 Summon Ice Beast         Ice/Summ       #.......     100%        4    #####..
 Summon Lightning Spire   Summ/Air       #.......     100%        4    #####..
 Bolt of Magma            Conj/Fire/Erth #.........   100%        5    ######.
 Iskenderun's Battlesphe  Conj/Chrm      #.......     100%        5    ######.
 Lee's Rapid Deconstruct  Erth           #.........   100%        5    ######.
 Venom Bolt               Conj/Pois      #.........   100%        5    ######.
 Iron Shot                Conj/Erth      #.........   100%        6    #######
 Orb of Destruction       Conj           #.........   100%        7    #######
 Spellforged Servitor     Conj/Summ      #.........   100%        7    #######
 Regeneration             Chrm/Necr      Unusable     N/A         3    N/A

Dungeon Overview and Level Annotations

Branches:
Dungeon (12/15)            Temple (1/1) D:5            Lair (6/6) D:9
  Swamp (0/4) Lair:2       Spider (0/4) Lair:3        Slime (0/5) Lair:6
    Orc (0/2) D:12

Altars:
Ashenzari
Cheibriados
Dithmenos
Elyvilon
Fedhas
Gozag
Hepliaklqana
Kikubaaqudgha
Makhleb
Nemelex Xobeh
Okawaru
Qazlal
Ru
Sif Muna
Trog
Uskayaw
Vehumet
Wu Jian
Xom
Yredelemnul
Zin
The Shining One
Jiyva


Innate Abilities, Weirdness & Mutations

You are resistant to damage.
You can heal yourself by infusing magical energy.
You resist negative energy. (rN+)
You passively map the area around you.
You do not regenerate.


Message History

The 18-headed hydra bites you but does no damage.
The 18-headed hydra bites you.
* * * LOW HITPOINT WARNING * * *
The 18-headed hydra bites you but does no damage.
The 18-headed hydra bites you. x2
* * * LOW HITPOINT WARNING * * *
The 18-headed hydra closely misses you. You block the 18-headed hydra's attack.
The 18-headed hydra bites you but does no damage. x2
The 18-headed hydra completely misses you.
The 18-headed hydra bites you but does no damage.
You feel much better. You block the 18-headed hydra's attack.
The 18-headed hydra bites you.
The 18-headed hydra bites you but does no damage. x3
The 18-headed hydra bites you.
* * * LOW HITPOINT WARNING * * *
The 18-headed hydra bites you. The 18-headed hydra barely misses you.
The 18-headed hydra bites you.
You block the 18-headed hydra's attack. x2
The 18-headed hydra bites you.
* * * LOW HITPOINT WARNING * * *
The 18-headed hydra bites you but does no damage. x5
The 18-headed hydra barely misses you.
Unknown command.
Unknown command.
Your magical essence is drained by the effort!
You feel much better. The 18-headed hydra bites you. x2
* * * LOW HITPOINT WARNING * * *
The 18-headed hydra bites you but does no damage. x2
The 18-headed hydra completely misses you.
The 18-headed hydra bites you. The 18-headed hydra bites you!
* * * LOW HITPOINT WARNING * * *
You block the 18-headed hydra's attack. The 18-headed hydra barely misses you.
The 18-headed hydra bites you but does no damage.
The 18-headed hydra bites you.
The 18-headed hydra bites you but does no damage.
You block the 18-headed hydra's attack. The 18-headed hydra bites you.
* * * LOW HITPOINT WARNING * * *
The 18-headed hydra bites you but does no damage. x2
You block the 18-headed hydra's attack. x2
You feel much better.
You block the 18-headed hydra's attack. x2
The 18-headed hydra bites you but does no damage.
The 18-headed hydra bites you!
* * * LOW HITPOINT WARNING * * *
The 18-headed hydra bites you but does no damage. x3
The 18-headed hydra bites you. The 18-headed hydra closely misses you.
The 18-headed hydra bites you!
* * * LOW HITPOINT WARNING * * *
The 18-headed hydra bites you but does no damage. x2
The 18-headed hydra bites you. You block the 18-headed hydra's attack.
The 18-headed hydra bites you but does no damage. x3
The 18-headed hydra closely misses you.
You fail to use your ability.
You block the 18-headed hydra's attack. x2
The 18-headed hydra bites you but does no damage.
The 18-headed hydra closely misses you.
The 18-headed hydra bites you but does no damage.
The 18-headed hydra bites you.
* * * LOW HITPOINT WARNING * * *
The 18-headed hydra bites you but does no damage.
You block the 18-headed hydra's attack. x2; The 18-headed hydra bites you.
* * * LOW HITPOINT WARNING * * *
The 18-headed hydra bites you but does no damage.
The 18-headed hydra bites you!
* * * LOW HITPOINT WARNING * * *
The 18-headed hydra bites you but does no damage.
The 18-headed hydra completely misses you.
The 18-headed hydra bites you.
* * * LOW HITPOINT WARNING * * *
The 18-headed hydra barely misses you. The 18-headed hydra closely misses you.
The 18-headed hydra bites you but does no damage.
You sock the 18-headed hydra!
The 18-headed hydra is severely wounded.
The 18-headed hydra bites you but does no damage.
The 18-headed hydra bites you. x2
The 18-headed hydra bites you but does no damage. x2
The 18-headed hydra barely misses you. x2
You block the 18-headed hydra's attack.
The 18-headed hydra bites you but does no damage.
The 18-headed hydra bites you. x2
* * * LOW HITPOINT WARNING * * *
The 18-headed hydra bites you but does no damage.
The 18-headed hydra bites you. x2; The 18-headed hydra barely misses you. x3
The 18-headed hydra bites you!
* * * LOW HITPOINT WARNING * * *
The 18-headed hydra bites you.
* * * LOW HITPOINT WARNING * * *
The 18-headed hydra completely misses you.
The 18-headed hydra bites you but does no damage.
The 18-headed hydra completely misses you.
You block the 18-headed hydra's attack.
The 18-headed hydra bites you but does no damage.
The 18-headed hydra bites you!
* * * LOW HITPOINT WARNING * * *
You block the 18-headed hydra's attack. The 18-headed hydra bites you!
* * * LOW HITPOINT WARNING * * *
The 18-headed hydra bites you but does no damage. x9
You barely miss the 18-headed hydra.
The 18-headed hydra is severely wounded.
You block the 18-headed hydra's attack. The 18-headed hydra bites you.
* * * LOW HITPOINT WARNING * * *
The 18-headed hydra bites you!
You die...

#.....##.....##
#.............#
*,
#......#......#
*
##.....#......#
,,
#.....#.....##
, #.....#.#...#
##..........#
#..........#
##...@†...#.#
#..##.D.....#
######......#
#...#.#
**...... ......
* ..... * ,
.....##*
,.......##


You could see a 18-headed hydra.

Vanquished Creatures
  4 dire elephants (Lair:6)
  5 hydras (Lair:4 Lair:5 Lair:6)
  An anaconda (Lair:6)
  A two-headed ogre (D:11)
  4 death yaks (Lair:4)
  Sonja (Lair:1)
  3 unseen horrors (D:10 D:12)
  A deep elf mage (D:12)
  A wolf spider (Lair:6)
  2 ugly things (D:11 D:12)
  3 black mambas (Lair:2 Lair:4 Lair:6)
  23 elephants (Lair:2 Lair:4 Lair:6)
  A gargoyle (D:11)
  19 spiny frogs (Lair:2 Lair:3 Lair:4 Lair:5 Lair:6)
  A rime drake (Lair:4)
  A kobold demonologist (D:11)
  6 komodo dragons (Lair:2 Lair:4 Lair:5 Lair:6)
  A jumping spider (Lair:3)
  Prince Ribbit (D:7)
  A dream sheep (Lair:6)
  11 blink frogs (Lair:3 Lair:4 Lair:1)
  3 slime creatures (D:12)
  9 hippogriffs (D:8 D:10 D:12 Lair:2 Lair:3)
  A vampire (D:10)
  Sigmund (D:4)
  2 redbacks (Lair:3)
  40 yaks (D:7 Lair:2 Lair:3 Lair:4 Lair:6)
  2 wyverns (Lair:2 Lair:6)
  A wraith (D:10)
  2 hungry ghosts (D:9 D:12)
  2 basilisks (Lair:2)
  A soldier ant (D:10)
  4 wargs (D:9 D:12)
  5 porcupines (Lair:3 Lair:4 Lair:5)
  15 water moccasins (D:11 Lair:2 Lair:3 Lair:4 Lair:6)
  Duvessa (D:7)
  4 orc warriors (D:7 D:11 D:12)
  2 eyes of draining (D:10 D:11)
  2 ice beasts (D:9 D:11)
  3 phantoms (D:4 D:9 D:11)
  4 black bears (D:8 D:11 Lair:5)
  2 ogres (D:4 D:11)
  5 centaurs (D:5 D:7 D:8 D:9 D:10)
  A sky beast (D:11)
  10 wolves (Lair:3 Lair:5)
  A necrophage (D:8)
  2 big kobolds (D:10 D:12)
  11 crocodiles (D:11 Lair:2 Lair:3 Lair:5 Lair:6)
  15 bullfrogs (D:6 D:8 D:9 D:10 D:11)
  A gnoll sergeant (D:10)
  Dowan (D:7)
  6 scorpions (D:5 D:8 D:9 D:10 D:11)
  8 killer bees (D:10 D:12)
  15 wights (D:7 D:8 D:11)
  2 howler monkeys (D:5 D:6)
  An electric eel (Lair:2)
  2 centaur zombies (D:7 D:12)
  8 crimson imps (D:5 D:7 D:9 D:11)
  A quasit (D:7)
  3 centaur skeletons (D:5 D:10 D:12)
  5 jellies (D:6 D:8)
  Crazy Yiuf (D:7)
  17 orc priests (D:3 D:5 D:7 D:9 D:10)
  2 hounds (D:4 D:7)
  15 orc wizards (D:5 D:7 D:8 D:10 D:11)
  6 iguanas (D:5 D:8 D:9 D:10 D:11)
  7 worker ants (D:5 D:7 D:10 D:11)
  A hound zombie (D:7)
  10 gnolls (D:4 D:9 D:10)
  A worker ant zombie (D:11)
  6 adders (D:3 D:4 D:7 D:9)
  6 shadow imps (D:5 D:9 D:11 D:12)
  2 white imps (D:9)
  8 oozes (D:1 D:3 D:7 D:8)
  3 worms (D:2 D:3)
  A dart slug (D:1)
  4 leopard geckos (D:1 D:4 D:5 D:8)
  41 orcs (D:3 D:5 D:6 D:7 D:8)
  2 ball pythons (D:1 D:4)
  9 giant cockroaches (D:1 D:2 D:4 D:5 D:7)
  8 goblins (D:1 D:12)
  6 hobgoblins (D:1 D:2)
  3 jackals (D:6 D:8)
  4 quokkas (D:5 D:7 D:9)
  7 bats (D:1 D:3)
  4 frilled lizards (D:2 D:3 D:4)
  15 kobolds (D:1 D:2 D:3 D:10 D:12)
  8 rats (D:1 D:2 D:3)
  2 fungi (Lair:3)
  5 plants (Lair:6)
499 creatures vanquished.

Vanquished Creatures (others)
  A jackal (D:6)
  A fungus (Lair:2)
  A plant (Lair:6)
3 creatures vanquished.

Grand Total: 502 creatures vanquished

Notes
Turn   | Place    | Note
-------+----------+-------------------------------------------
     0 | D:1      | Monsterracer the Deep Dwarf Fighter began the quest for the
                  | Orb.
     0 | D:1      | Reached XP level 1. HP: 20/20 MP: 1/1
    91 | D:1      | Reached XP level 2. HP: 27/27 MP: 2/2
   190 | D:1      | Reached skill level 3 in Axes
   190 | D:1      | Reached XP level 3. HP: 29/33 MP: 3/3
  1126 | D:3      | HP: 17/34 [worm (7)]
  1160 | D:3      | Reached XP level 4. HP: 42/42 MP: 3/3
  1601 | D:2      | Found a snail-covered altar of Cheibriados.
  1701 | D:4      | Noticed an ogre
  1702 | D:4      | Noticed Sigmund
  1742 | D:4      | Noticed a phantom
  1751 | D:4      | Killed Sigmund
  1751 | D:4      | Reached skill level 4 in Axes
  1751 | D:4      | Reached XP level 5. HP: 25/49 MP: 4/4
  1751 | D:4      | Reached XP level 6. HP: 29/56 MP: 5/5
  1753 | D:4      | HP: 19/56 [ogre/+0 giant club (13)]
  1759 | D:4      | HP: 11/56 [ogre/+0 giant club (18)]
  1760 | D:4      | HP: 5/56 [ogre/+0 giant club (6)]
  1764 | D:4      | Reached skill level 5 in Axes
  1934 | D:4      | Reached XP level 7. HP: 50/64 MP: 6/6
  2121 | D:5      | Entered Level 5 of the Dungeon
  2143 | D:5      | Found a staircase to the Ecumenical Temple.
  2203 | D:5      | HP: 31/64 [orc wizard/puff of flame (8)]
  2205 | D:5      | Reached skill level 5 in Shields
  2228 | Temple   | Entered the Ecumenical Temple
  2369 | Temple   | Became a worshipper of Makhleb the Destroyer
  2459 | D:5      | Reached skill level 5 in Armour
  2498 | D:5      | Reached skill level 6 in Axes
  2520 | D:5      | HP: 26/64 [iguana (7)]
  2607 | D:5      | Got a steaming steel ring
  2626 | D:5      | Identified the ring "Bexkicut" {Fire rElec MP+9 Str-4
                  | Int+4} (You found it on level 5 of the Dungeon)
  3492 | D:6      | Reached XP level 8. HP: 49/73 MP: 6/6
  3516 | D:6      | Found a white marble altar of Elyvilon.
  3812 | D:7      | HP: 36/73 [adder (1)]
  3838 | D:7      | Reached skill level 7 in Axes
  3847 | D:7      | Got a bloodstained flail
  3942 | D:7      | Reached skill level 5 in Fighting
  3943 | D:7      | HP: 36/74 [yak (5)]
  3952 | D:7      | Identified the +10 flail of the Nexus {venom, rC+} (You
                  | found it on level 7 of the Dungeon)
  4013 | D:7      | Reached skill level 8 in Axes
  4019 | D:7      | Reached * piety under Makhleb
  4089 | D:7      | Noticed Dowan
  4089 | D:7      | Noticed Duvessa
  4102 | D:7      | Killed Duvessa
  4104 | D:7      | Killed Dowan
  4143 | D:7      | Gained mutation: You passively map the area around you.
                  | [Deep Dwarf growth]
  4143 | D:7      | Reached XP level 9. HP: 72/81 MP: 5/5
  4192 | D:7      | Noticed Prince Ribbit
  4199 | D:7      | Killed Prince Ribbit
  4369 | D:7      | Reached skill level 9 in Axes
  4514 | D:7      | Found a runed translucent door.
  4515 | D:7      | Noticed Crazy Yiuf
  4857 | D:7      | Killed Crazy Yiuf
  4959 | D:8      | Reached skill level 1 in Invocations
  4992 | D:8      | HP: 39/79 [wight/+3 scimitar of freezing (2)]
  4997 | D:8      | HP: 40/82 [wight/+4 long sword (3)]
  5250 | D:8      | Reached ** piety under Makhleb
  5621 | D:8      | Reached skill level 10 in Axes
  6009 | D:9      | Reached XP level 10. HP: 74/92 MP: 8/8
  6056 | D:9      | Got an ichor-stained mace
  6104 | D:9      | Found a staircase to the Lair.
  6150 | D:9      | Reached *** piety under Makhleb
  6547 | D:10     | Entered Level 10 of the Dungeon
  6771 | D:10     | Reached skill level 5 in Invocations
  6782 | D:10     | Reached skill level 11 in Axes
  6823 | D:10     | HP: 42/92 [vampire (5)]
  6826 | D:10     | HP: 20/92 [vampire/vampiric draining (15)]
  6835 | D:10     | HP: 39/92 [something/vampiric draining (9)]
  6838 | D:10     | HP: 11/92 [something/vampiric draining (14)]
  6843 | D:10     | HP: 29/92 [something (5)]
  6855 | D:10     | HP: 42/92 [something/vampiric draining (13)]
  6863 | D:10     | HP: 45/92 [something (6)]
  6905 | D:10     | Reached **** piety under Makhleb
  7108 | D:10     | Killed an unseen horror
  7416 | D:10     | You fall into a shaft and drop 1 floor!
  7485 | D:11     | Reached XP level 11. HP: 97/100 MP: 11/11
  7507 | D:11     | Noticed a two-headed ogre
  7517 | D:11     | Killed a two-headed ogre
  7577 | D:11     | HP: 42/100 [ice devil[a kobold demonologist] (16)]
  7583 | D:11     | HP: 36/100 [ice devil[a kobold demonologist] (21)]
  7760 | D:11     | Noticed a white ugly thing
  7767 | D:11     | HP: 30/100 [white ugly thing (28)]
  7773 | D:11     | HP: 33/100 [white ugly thing (4)]
  7775 | D:11     | HP: 6/100 [white ugly thing (16)]
  7781 | D:11     | HP: 30/100 [white ugly thing (6)]
  7781 | D:11     | HP: 11/100 [white ugly thing (19)]
  7785 | D:11     | HP: 3/100 [white ugly thing (20)]
  7790 | D:11     | HP: 24/100 [white ugly thing (3)]
  7794 | D:11     | Killed a white ugly thing
  7799 | D:11     | Reached ***** piety under Makhleb
  7892 | D:11     | Reached skill level 12 in Axes
  8073 | D:12     | Noticed a deep elf mage
  8089 | D:12     | HP: 49/100 [deep elf mage/bolt of lightning (12)]
  8096 | D:12     | Killed a deep elf mage
  8176 | D:12     | Noticed a green ugly thing
  8202 | D:12     | Killed a green ugly thing
  8241 | D:12     | Killed an unseen horror
  8393 | D:12     | Killed an unseen horror
  8469 | D:12     | Found a staircase to the Orcish Mines.
  8648 | Lair:1   | Entered Level 1 of the Lair of Beasts
  8648 | Lair:1   | Noticed an eight-headed hydra
  8657 | Lair:1   | Noticed a cacodemon
  8657 | Lair:1   | HP: 42/103 [12-headed hydra (4)]
  8694 | Lair:2   | HP: 45/103 [basilisk (9)]
  8760 | Lair:2   | Reached XP level 12. HP: 110/110 MP: 11/11
  8784 | Lair:2   | Reached skill level 13 in Axes
  8826 | Lair:2   | Reached skill level 10 in Shields
  8838 | Lair:2   | Reached skill level 10 in Armour
  9040 | Lair:2   | Found a staircase to the Swamp.
  9591 | Lair:3   | Found a hole to the Spider Nest.
  9615 | Lair:3   | HP: 56/112 [spiny frog (11)]
  9827 | Lair:3   | Found an opulent altar of Gozag.
  9852 | Lair:3   | Reached skill level 14 in Axes
 10393 | Lair:4   | Reached XP level 13. HP: 118/121 MP: 13/13
 10419 | Lair:4   | Reached ****** piety under Makhleb
 10850 | Lair:4   | Reached skill level 10 in Invocations
 11048 | Lair:4   | HP: 45/121 [death yak (18)]
 11278 | Lair:5   | HP: 57/121 [eight-headed hydra (8)]
 11525 | Lair:5   | Got a crude shortbow
 11913 | Lair:6   | Entered Level 6 of the Lair of Beasts
 11938 | Lair:6   | HP: 54/121 [elephant (8)]
 11952 | Lair:6   | Reached skill level 15 in Axes
 12258 | Lair:6   | Got a steaming chain mail
 12402 | Lair:6   | Reached skill level 10 in Fighting
 12419 | Lair:6   | Found a viscous altar of Jiyva.
 12419 | Lair:6   | Found a staircase to the Slime Pits.
 12629 | Lair:6   | Gained mutation: You resist negative energy. (rN+) [Deep
                  | Dwarf growth]
 12629 | Lair:6   | Reached XP level 14. HP: 122/132 MP: 14/14
 13046 | Lair:6   | Identified the +1 chain mail "Jerphuik" {rCorr Int+4 Dex+2}
                  | (You found it on level 6 of the Lair of Beasts)
 13209 | Lair:6   | HP: 66/132 [dire elephant (7)]
 13229 | Lair:6   | HP: 50/132 [dire elephant (28)]
 13277 | Lair:6   | HP: 55/132 [dire elephant (24)]
 13282 | Lair:6   | HP: 55/132 [dire elephant (18)]
 13294 | Lair:6   | HP: 65/132 [dire elephant (25)]
 13500 | Lair:1   | Noticed Sonja
 13674 | Lair:1   | HP: 60/132 [16-headed hydra (8)]
 13675 | Lair:1   | HP: 21/132 [16-headed hydra (9)]
 13750 | Lair:1   | Killed Sonja
 13758 | Lair:1   | HP: 57/132 [blink frog (12)]
 13869 | Lair:1   | HP: 62/133 [18-headed hydra (6)]
 13871 | Lair:1   | HP: 30/133 [18-headed hydra (3)]
 13874 | Lair:1   | HP: 10/133 [18-headed hydra (9)]
 13874 | Lair:1   | HP: 3/133 [18-headed hydra (4)]
 13879 | Lair:1   | HP: 50/133 [18-headed hydra (1)]
 13880 | Lair:1   | HP: 21/133 [18-headed hydra (5)]
 13880 | Lair:1   | HP: 9/133 [18-headed hydra (9)]
 13881 | Lair:1   | Slain by an 18-headed hydra

Levels and vault maps discovered:
D:1:      dpeg_arrival_round_a, layout_rooms
D:2:      layout_basic, lemuel_coloured_pillars_altar
D:3:      layout_rooms
D:4:      layout_rooms, uniq_sigmund
D:5:      layout_loops_ring, minmay_temple_entry_junction_2, first_ration,
          serial_bayou_pond_b
D:6:      layout_basic, elyvilon_altar_4
D:7:      layout_loops_ring, uniq_prince_ribbit1, uniq_duvessa,
          uniq_crazy_yiuf_cottage
D:8:      layout_loops_corners, hangedman_decor_push,
          hangedman_little_slice_of_home
D:9:      layout_cave_pools, erik_lair_orcish_takeover, minmay_nine_imps
D:10:     layout_stronghold, minmay_hedge_maze
D:11:     layout_cave_pools
D:12:     layout_long_grid, erik_orc_4, kennysheep_generic_room_11
Temple:   regret_index_temple_sigil_plot
Lair:1:   layout_cave_pods, columned_hall_lemuel, uniq_sonja
Lair:2:   layout_roguey, swamp_mist_pool
Lair:3:   layout_regular_city, spider_nest_entry_a, basic_altar,
          beast_lair_carwin_4, serial_bayou_shore_a, infiniplex_staircase_pool_2
Lair:4:   beast_lair_carwin_large_3, layout_cave_pods, grunt_megastairs_4
Lair:5:   layout_loops_ring
Lair:6:   due_jungle_book, layout_small_grid, slime_altar_1,
          hangedman_lair_generics_rect, grunt_megastairs_1,
          infiniplex_staircase_pool

Skill      XL: |  1  2  3  4  5  6  7  8  9 10 11 12 13 14 |
---------------+-------------------------------------------+-----
Axes           | 3 4 5 6 8 10 11 12 14 15 | 15.9
Fighting       | 3 4 5 6 7 8 9 10 | 10.3
Shields        | 4 5 6 7 8 9 10 11 12 | 12.0
Armour         | 4 5 6 7 8 9 10 11 12 | 12.0
Invocations    | 3 5 7 9 11 | 11.6

Action                   |  1- 3 |  4- 6 |  7- 9 | 10-12 | 13-15 || total
-------------------------+-------+-------+-------+-------+-------++-------
Melee: War axe           |   119 |    73 |   381 |   917 |   604 ||  2094
       Flail             |       |       |    18 |       |    37 ||    55
Invok: Greater Servant o |       |       |       |     1 |       ||     1
       Minor Destruction |       |       |       |       |     1 ||     1
 Abil: Heal Wounds       |     1 |     5 |    10 |    29 |    25 ||    70
Evoke: Wand              |       |       |       |       |     1 ||     1
  Use: Scroll            |       |     9 |     8 |     9 |     3 ||    29
       Potion            |       |       |       |     1 |       ||     1
  Eat: Chunk             |     1 |     3 |    12 |    15 |    16 ||    47
       Ration            |       |       |       |     3 |       ||     3
Armor: Scale mail        |    59 |    20 |    21 |       |       ||   100
       Chain mail        |       |       |   154 |   249 |   266 ||   669
       Plate armour      |       |       |       |   366 |   287 ||   653
Dodge: Dodged            |    32 |    16 |    87 |   211 |   209 ||   555
Block: Shield            |    78 |    48 |   212 |   603 |   465 ||  1406
